 Dungeon Crawl Stone Soup version 0.16-a0-3228-ge148b08 (console) character file.

784 Fusha the Shooter (level 7, -1/36 HPs)
             Began as a Vine Stalker Hunter on Dec 21, 2014.
             Killed from afar by a centaur (20 damage)
             ... with a wand of fire
             ... on level 5 of the Dungeon.
             The game lasted 00:18:38 (3539 turns).

Fusha the Shooter (Vine Stalker Hunter)             Turns: 3539, Time: 00:18:38

Health: -1/36      AC:  8    Str: 16    XL:     7   Next: 86%
Magic:  0/9        EV: 12    Int: 11    God:
Gold:   367        SH:  2    Dex: 15    Spells: 0 memorised, 6 levels left

rFire  . . .     SeeInvis .     k - +1 dagger (venom)
rCold  . . .     Clarity  .     g - +0 ring mail
rNeg   . . .     SustAb   .     (no shield)
rPois  +         Gourm    .     (no helmet)
rElec  .         Spirit   +     (no cloak)
rCorr  .         Warding  .     p - +0 pair of gloves
rMut   .         Stasis   .     (no boots)
MR     .....                    (no amulet)
Stlth  ++........               (no ring)
                                q - ring of poison resistance

@: lethally poisoned, not resistant to hostile enchantments, unstealthy
A: fangs 2, large bone plates 1, regeneration 2, magic shield, antimagic bite,
no device heal 3, rot immunity
a: no special abilities


You were on level 5 of the Dungeon.
You were not hungry.

You visited 1 branch of the dungeon, and saw 5 of its levels.

You collected 367 gold pieces.

Inventory:

Hand weapons
 a - a +0 short sword
 b - a +1 shortbow
 k - a +1 dagger of venom (weapon)
 A - a +0 blowgun
Missiles
 c - 50 arrows
 s - 29 stones (quivered)
 z - 15 arrows of frost
Armour
 d - a +0 leather armour
 g - a +0 ring mail (worn)
 l - a +0 pair of gloves
 p - a +0 pair of gloves (worn)
 w - a +0 scale mail
Jewellery
 q - a ring of poison resistance (left hand)
Magical devices
 x - a wand of magic darts (26)
Scrolls
 i - 7 scrolls of identify {unknown}
 o - 2 scrolls of remove curse {unknown}
 v - a scroll of enchant armour {unknown}
 y - a scroll of immolation {unknown}
Potions
 e - a potion of might {unknown}
 j - 2 potions of brilliance {unknown}
 m - 2 potions of haste {unknown}
 n - a potion of mutation
 r - 4 potions of curing {unknown}
 t - a potion of heal wounds {unknown}
Books
 u - a book of Power

   Spells                             Type                      Level
   a - Fulminant Prism                Conjuration/Hexes            4
   b - Iskenderun's Mystic Blast      Conjuration                  4
   c - Venom Bolt                     Conjuration/Poison           5
   d - Bolt of Magma                  Conjuration/Fire/Earth       5
   e - Iron Shot                      Conjuration/Earth            6
   f - Orb of Destruction             Conjuration                  7
   g - Spellforged Servitor           Conjuration/Summoning        7
Comestibles
 f - 3 bread rations
 h - a meat ration
 B - 9 chunks of flesh


   Skills:
 - Level 3.0 Fighting
 + Level 2.7 Short Blades
 * Level 5.7 Bows
 + Level 3.3 Dodging
 + Level 5.1 Stealth


You had 6 spell levels left.
You didn't know any spells.

Dungeon Overview and Level Annotations

Branches:
Dungeon (5/15)
 Temple: D:4-7

Altars:
Dithmenos
Trog

Shops:
D:4 %


Innate Abilities, Weirdness & Mutations

You have extremely sharp teeth.
You heal very quickly.
When hurt, damage is shared between your health and your magic reserves.
Your bite disrupts and absorbs the magic of your enemies.
Potions and wands cannot restore your health.
You are immune to rotting.
You are partially covered in large bone plates (AC +2, SH +2).


Message History

You feel invigorated.
You kill the rat!
A centaur comes into view.
r - 4 golden potions (gained 1)
The centaur zaps a wand.
The bolt of fire misses you.
It is a wand of fire.
The centaur wields a shortbow.
The centaur shoots a poisoned arrow.
The poisoned arrow hits you.
You are poisoned.
You see here a poisoned arrow.
You feel sick.
The centaur shoots a poisoned arrow.
The poisoned arrow misses you.
You see here a poisoned arrow.
You feel sick.
You feel sick.
You feel sick.
The centaur zaps a wand.
The bolt of fire hits you!
You see here a poisoned arrow.
You hit the centaur but do no damage.
The centaur is poisoned.
The centaur zaps a wand.
The bolt of fire hits you!
Ouch! That really hurt!
You die...

# #.............#
..........###.#
#.........#
...........#
#.........#
#.........#
#.........#
.###.........#
........@#######.#
.#######.c.......#
#.######### #.#
#.# #.# #.# ..#
#.#


You could see a centaur.

Vanquished Creatures
  The ghost of Fusha the Insei, an experienced DsTm (D:5)
  A centaur (D:5)
  A hound (D:5)
  A centaur skeleton (D:4)
  4 orc priests
  An orc wizard (D:4)
  A worker ant (D:4)
  Ijyb (D:4)
  7 adders
  2 worms (D:3)
  An adder zombie (D:5)
  3 giant geckos
  10 orcs
  2 bat skeletons (D:4)
  4 giant cockroaches
  10 goblins
  8 hobgoblins
  7 jackals
  A quokka (D:4)
  A ball python (D:1)
  8 bats
  5 giant newts
  A jackal skeleton (D:4)
  7 kobolds
  9 rats
97 creatures vanquished.

Notes
Turn   | Place    | Note
--------------------------------------------------------------
     0 | D:1      | Fusha, the Vine Stalker Hunter, began the quest for the Orb.
     0 | D:1      | Reached XP level 1. HP: 11/11 MP: 1/1
   199 | D:1      | Reached XP level 2. HP: 15/15 MP: 3/3
   632 | D:1      | Reached skill level 4 in Bows
   968 | D:2      | Reached XP level 3. HP: 18/18 MP: 4/4
  1012 | D:2      | Found a shadowy altar of Dithmenos.
  1264 | D:2      | Reached XP level 4. HP: 14/23 MP: 5/5
  1335 | D:2      | Found a bloodstained altar of Trog.
  1742 | D:3      | Reached skill level 1 in Short Blades
  1742 | D:3      | Reached XP level 5. HP: 16/27 MP: 4/7
  2729 | D:4      | Gained mutation: You heal very quickly. [vine stalker growth]
  2729 | D:4      | Reached XP level 6. HP: 25/32 MP: 8/8
  2800 | D:4      | Noticed Ijyb
  2818 | D:4      | Killed Ijyb
  2846 | D:4      | Gained mutation: Your magical capacity is low (-10% MP). [potion of mutation]
  2846 | D:4      | Gained mutation: You are partially covered in large bone plates (AC +2, SH +2). [potion of mutation]
  2846 | D:4      | Lost mutation: Your magical capacity is low (-10% MP). [potion of mutation]
  3077 | D:4      | Found Ritsaf Inwi's Food Shoppe.
  3202 | D:5      | Entered Level 5 of the Dungeon
  3233 | D:5      | Noticed Fusha's ghost (experienced DsTm)
  3274 | D:5      | Killed Fusha's ghost
  3274 | D:5      | Reached skill level 5 in Bows
  3274 | D:5      | Reached XP level 7. HP: 25/36 MP: 3/9
  3452 | D:5      | Reached skill level 5 in Stealth
  3539 | D:5      | Killed from afar by a centaur

Action                   |  1- 3 |  4- 6 |  7- 9 || total
-------------------------+-------+-------+-------++-------
Melee: Short sword       |    41 |     1 |       ||    42
       Dagger            |    71 |   186 |    37 ||   294
 Fire: Shortbow          |       |    30 |       ||    30
  Use: Potion            |       |     1 |       ||     1
 Stab: Sleeping          |     1 |     2 |       ||     3
  Eat: Chunk             |     1 |     7 |     1 ||     9
